 Dungeon Crawl Stone Soup version 0.31-a0-1074-g0b22e4e0f1 (webtiles) character file.

Game seed: 13353066733818139827

14112 RepHenryClay the Nimble (level 11, -3/74 HPs)
             Began as a Red Draconian Conjurer on Nov 29, 2023.
             Was an Elder of Vehumet.
             Slain by a komodo dragon (19 damage)
             ... on level 1 of the Lair of Beasts.
             The game lasted 00:34:05 (14808 turns).

RepHenryClay the Nimble (Red Draconian Conjurer)   Turns: 14808, Time: 00:34:06

Health: -3/74      AC: 11    Str: 10    XL:     11   Next: 84%
Magic:  26/26      EV: 16    Int: 21    God:    Vehumet [****..]
Gold:   589        SH:  7    Dex: 11    Spells: 4/18 levels left

rFire   + . .        e - +2 trident (venom)
rCold   + + .        n - +2 buckler
rNeg    . . .        (body armour unavailable)
rPois   .            (helmet restricted)
rElec   .            k - +0 cloak
rCorr   .            j - +2 pair of gloves
SInv    .            (no boots)
Will    .....        A - amulet of the acrobat
Stlth   ++           C - ring of Caela {rC+ MP+9}
HPRegen 0.32/turn    D - ring of protection from cold
MPRegen 0.20/turn

%: acrobat
@: short of breath
A: breathe fire, AC +7, unfitting armour, fire resistance 1, cold-blooded
a: Breathe Fire, Renounce Religion


You were on level 1 of the Lair of Beasts.
You worshipped Vehumet.
Vehumet was greatly pleased with you.
You visited 3 branches of the dungeon, and saw 14 of its levels.

You collected 1065 gold pieces.
You spent 476 gold pieces at shops.

Inventory:

Hand Weapons
 a - a +7 spear of flaming
 e - a +2 trident of venom (weapon)
Missiles
 h - 20 poisoned darts (quivered)
 v - 5 throwing nets
Armour
 g - an orb of energy
 j - a +2 pair of gloves (worn)
 k - a +0 cloak (worn)
 n - a +2 buckler (worn)
Jewellery
 A - an amulet of the acrobat (around neck)
 C - the ring of Caela (left hand) {rC+ MP+9}
   (You bought it in a shop on level 1 of the Orcish Mines)

   [ring of magical power]

   rC+:       It protects you from cold.
   MP+9:      It affects your magic capacity (+9).
 D - a ring of protection from cold (right hand)
Wands
 r - a wand of iceblast (4)
 u - a wand of paralysis (30)
 E - a wand of mindburst (6)
Scrolls
 c - a scroll of enchant weapon
 d - a scroll of butterflies
 i - 3 scrolls of teleportation
 m - 2 scrolls of amnesia
 p - 2 scrolls of enchant armour
 q - 2 scrolls of vulnerability
 t - a scroll of poison {unknown}
 w - a scroll of noise {unknown}
 y - a scroll of revelation {unknown}
 B - a scroll of brand weapon {unknown}
Potions
 b - 4 potions of lignification
 f - a potion of cancellation
 l - 2 potions of mutation
 s - a potion of curing
 x - 3 potions of might


   Skills:
 + Level 12.1 Dodging
 - Level 1.7 Stealth
 - Level 7.0 Shields
 - Level 4.0 Spellcasting
 + Level 10.1 Conjurations
 - Level 3.0 Translocations
 - Level 5.0 Fire Magic
 - Level 5.0 Air Magic


You had 4 spell levels left.
You knew the following spells:

 Your Spells              Type           Power      Damage    Failure   Level
a - Magic Dart            Conj           100%       1d8       1%          1
b - Searing Ray           Conj           92%        2d7       1%          2
c - Iskenderun's Mystic   Conj/Tloc      31%        2d8       3%          4
d - Static Discharge      Conj/Air       70%        3-6/arc   1%          2
e - Volatile Blastmotes   Fire/Tloc      42%        2d13      2%          3
f - Scorch                Fire           50%        2d7       1%          2

Your spell library contained the following spells:

 Spells                   Type           Power      Damage    Failure   Level
 Ignite Poison            Fire/Tmut/Pois 11%        N/A       7%          3
 Shock                    Conj/Air       100%       1d9       1%          1
 Dazzling Flash           Conj/Hex       50%        N/A       1%          3
 Hailstorm                Conj/Ice       25%        3d7       1%          3
 Flame Wave               Conj/Fire      35%        2d10      2%          4
 Freeze                   Ice            16%        1d4       4%          1
 Airstrike                Air            12%        2d(2-18)  5%          4
 Fulminant Prism          Conj/Hex       12%        3d9       5%          4
 Swiftness                Air            25%        N/A       6%          3
 Frozen Ramparts          Ice            8%         1d2       13%         3
 Summon Small Mammal      Summ           16%        N/A       16%         1
 Vhi's Electric Charge    Tloc/Air       42%        N/A       30%         4
 Call Canine Familiar     Summ           4%         N/A       43%         3
 Summon Guardian Golem    Hex/Summ       4%         N/A       43%         3
 Tukima's Dance           Hex            4%         N/A       43%         3
 Dimensional Bullseye     Hex/Tloc       5%         N/A       65%         4
 Leda's Liquefaction      Hex/Erth       2%         N/A       85%         4
 Arcjolt                  Conj/Air       17%        1d27      5%          5
 Bombard                  Conj/Erth      12%        9d3       58%         6
 Plasma Beam              Fire/Air       12%        2x1d23    58%         6
 Lee's Rapid Deconstruct  Erth           2%         3d4*      71%         5
 Summon Cactus Giant      Summ           2%         N/A       100%        6


Dungeon Overview and Level Annotations

Branches:
Dungeon (11/15)            Temple (0/1) D:4            Lair (1/5) D:8
    Orc (2/2) D:10
    Elf: Orc:2

Altars:
Cheibriados
Gozag
Kikubaaqudgha
Makhleb
Nemelex Xobeh
Okawaru
Qazlal
Vehumet
Wu Jian
Xom
Zin
The Shining One

Shops:
D:2 [   Orc:1 =

Annotations:
D:4 3 runed translucent doors, monsoonserge's ghost, novice DrCj
D:7 1 exclusion


Innate Abilities, Weirdness & Mutations

You can breathe blasts of fire.
Your fiery red scales are hard. (AC +7)
You cannot fit into any form of body armour.
Your flesh is heat resistant. (rF+)
You are cold-blooded and may be slowed by cold attacks.


Message History

You open the door.
There is an open door here.
You open the door.
There is an open door here.
A komodo dragon comes into view.
The komodo dragon hisses angrily.
A komodo dragon is nearby!
The komodo dragon hisses menacingly.
You reach to attack!
You barely miss the komodo dragon. You closely miss the komodo dragon.
The komodo dragon bites you!! x2
* * * LOW HITPOINT WARNING * * *
Huge Dmg: -68%(-51hp) hp: 32%(23hp) Welcome back, RepHenryClay the Red Draconian Conjurer.
Vehumet says: Let it end in hellfire!
Press ? for a list of commands and other information.
Cast which spell? (? or * to list)
Okay, then.
Okay, then.
Cast which spell? (? or * to list)
You erupt in a blast of force!
The mystic blast hits the komodo dragon!
The komodo dragon is lightly wounded.
The komodo dragon is knocked back by the mystic blast.
Aiming: Breathe Fire (3% risk of failure)
Press: ? - help, Shift-Dir - straight line You breathe a blast of fire.
It was a potion of ambrosia.
You are confused.
You feel invigorated.
The komodo dragon is engulfed in blazing flames.
The komodo dragon bites you!!
* * * LOW HITPOINT WARNING * * *
Huge Dmg: -30%(-22hp) hp: 6%(4hp) Welcome back, RepHenryClay the Red Draconian Conjurer.
Vehumet says: Let it end in hellfire!
Press ? for a list of commands and other information.
You feel better.
You feel less invigorated.
The komodo dragon is engulfed in blazing flames.
The komodo dragon bites you!!
You die...

..# #P##+.# ###.....^...### #..
#.# ## P.## ###.......# ##.. ###
#. ##+#.#### #.#. ##. #..## #...
# #..### #.#### ###..#
#..P##...### ##.##P# ##.....
.........#P# #.....# ##.'.#.#
#.......+..######....)###†.#.#.#
P.......##...l@.......#..†##.#..
#.......#######.#.......####.#.#
#........ ###.....### #..##
........# #.....# #.. ##...+##.
######.## ###. #### # #..##..# #
##....## ## ### #..####
.#####.##+### ##..##


You could see a komodo dragon.

Vanquished Creatures
  Harold (D:9)
  2 hydras (Lair:1)
  A two-headed ogre (D:8)
  An oklob plant (Lair:1)
  A black mamba (Lair:1)
  4 cane toads (Lair:1)
  An unseen horror (D:10)
  Psyche (D:9)
  2 trolls
  2 hornets
  4 blink frogs (Lair:1)
  A wraith (D:10)
  A wyvern (D:7)
  9 yaks
  2 wargs
  7 water moccasins
  11 orc warriors
  3 black bears
  4 sky beasts
  4 ogres
  3 centaurs
  A phantom (D:6)
  2 kobold brigands
  7 bullfrogs
  2 gnoll sergeants
  5 scorpions
  17 killer bees
  8 orc priests
  5 hounds
  A sleepcap (D:7)
  Natasha (D:4)
  4 iguanas
  10 orc wizards
  A mummy (D:4)
  10 adders
  7 gnolls
  2 shadow imps (D:8)
  A white imp (D:7)
  A worm (D:2)
  3 dart slugs
  50 orcs
  4 ball pythons
  8 endoplasms
  2 giant cockroaches
  8 goblins
  7 hobgoblins
  22 kobolds
  4 quokkas
  3 bats
  4 frilled lizards
  8 rats
273 creatures vanquished.

Notes
Turn   | Place    | Note
-------+----------+-------------------------------------------
     0 | D:1      | RepHenryClay the Draconian Conjurer began the quest for the
                  | Orb.
     0 | D:1      | Reached XP level 1. HP: 14/14 MP: 3/3
     6 | D:1      | Noticed a wolf
     6 | D:1      | Noticed a salamander
     7 | D:1      | Noticed a swamp drake
     7 | D:1      | Noticed a swamp worm
   129 | D:1      | Reached XP level 2. HP: 20/20 MP: 0/5
   373 | D:1      | Found a faded altar of an unknown god.
   750 | D:1      | Reached skill level 5 in Conjurations
   835 | D:1      | Reached XP level 3. HP: 26/26 MP: 4/6
  1454 | D:2      | Found Lugathri's Antique Armour Boutique.
  1683 | D:2      | Learned a level 2 spell: Searing Ray
  2329 | D:3      | Reached XP level 4. HP: 30/33 MP: 4/7
  3231 | D:4      | Found an opulent altar of Gozag.
  3276 | D:4      | Found a runed translucent gate.
  3277 | D:4      | Found a runed translucent gate.
  3278 | D:4      | Found a runed translucent gate.
  3279 | D:4      | Noticed a wyvern
  3281 | D:4      | Noticed monsoonserge's ghost (novice DrCj)
  3342 | D:4      | Reached XP level 5. HP: 38/38 MP: 3/8
  3436 | D:4      | Found a radiant altar of Vehumet.
  3446 | D:4      | Became a worshipper of Vehumet
  3556 | D:4      | Noticed a black bear
  3565 | D:4      | Killed a black bear
  3566 | D:4      | Reached skill level 2 in Dodging
  3597 | D:3      | Reached XP level 6. HP: 29/45 MP: 0/9
  3721 | D:4      | Reached skill level 3 in Dodging
  3983 | D:4      | Identified the +0 chain mail of Feown {rElec Str+5}
  3984 | D:4      | Found a stormy altar of Qazlal.
  4185 | D:4      | Found a staircase to the Ecumenical Temple.
  4269 | D:4      | Found a burning altar of Makhleb.
  4380 | D:4      | Noticed Natasha
  4382 | D:4      | Killed Natasha
  4414 | D:4      | Found a snail-covered altar of Cheibriados.
  4505 | D:4      | Found a glowing golden altar of the Shining One.
  4644 | D:5      | Entered Level 5 of the Dungeon
  4680 | D:5      | Your scales start taking on a fiery red colour.
  4680 | D:5      | Reached XP level 7. HP: 50/50 MP: 3/10
  4680 | D:5      | Gained mutation: Your flesh is heat resistant. (rF+) [Red
                  | Draconian growth]
  4803 | D:5      | Reached skill level 4 in Dodging
  5170 | D:5      | Found an ornate altar of the Wu Jian Council.
  5447 | D:6      | Reached skill level 5 in Dodging
  5565 | D:6      | Reached XP level 8. HP: 57/57 MP: 8/11
  5850 | D:6      | Learned a level 4 spell: Iskenderun's Mystic Blast
  5945 | D:6      | Reached skill level 6 in Dodging
  5947 | D:6      | Reached skill level 1 in Translocations
  6318 | D:6      | Found a sparkling altar of Nemelex Xobeh.
  6601 | D:7      | Reached * piety under Vehumet
  6601 | D:7      | Offered knowledge of Foxfire by Vehumet.
  6886 | D:7      | Reached XP level 9. HP: 51/62 MP: 14/14
  6932 | D:7      | Found the +0 toga "Victory" {*Victory Clar}
  6943 | D:7      | Found an iron altar of Okawaru.
  7133 | D:7      | Reached skill level 7 in Dodging
  7485 | D:8      | Found an ancient bone altar of Kikubaaqudgha.
  7903 | D:8      | Reached skill level 8 in Dodging
  7936 | D:8      | Found a staircase to the Lair.
  8139 | D:8      | Reached skill level 9 in Dodging
  8530 | D:8      | Noticed a two-headed ogre
  8535 | D:8      | Killed a two-headed ogre
  8536 | D:8      | Reached skill level 10 in Dodging
  8536 | D:8      | Reached XP level 10. HP: 55/69 MP: 11/16
  8739 | D:8      | Offered knowledge of Shock by Vehumet.
  8806 | D:8      | Found a glowing silver altar of Zin.
  8807 | D:8      | Reached ** piety under Vehumet
  9223 | D:9      | Noticed Harold
  9232 | D:9      | Killed Harold
  9233 | D:9      | Reached skill level 11 in Dodging
  9233 | D:9      | Noticed Psyche
 10186 | D:9      | Reached skill level 1 in Shields
 10535 | D:9      | Killed Psyche
 11047 | D:10     | Entered Level 10 of the Dungeon
 11192 | D:10     | Reached skill level 5 in Shields
 11279 | D:10     | Offered knowledge of Static Discharge by Vehumet.
 11304 | D:9      | Learned a level 2 spell: Static Discharge
 11458 | D:10     | Reached skill level 1 in Air Magic
 11577 | D:10     | Reached *** piety under Vehumet
 11588 | D:10     | Reached XP level 11. HP: 45/74 MP: 17/17
 11769 | D:10     | Learned a level 3 spell: Volatile Blastmotes
 11779 | D:10     | Found a staircase to the Orcish Mines.
 12083 | D:10     | Found a shimmering altar of Xom.
 12147 | Orc:1    | Entered Level 1 of the Orcish Mines
 12842 | Orc:1    | Offered knowledge of Ignite Poison by Vehumet.
 12863 | Orc:1    | Learned a level 2 spell: Scorch
 13074 | Orc:1    | Reached skill level 1 in Fire Magic
 13145 | Orc:1    | Found Qorunt's Jewellery Shoppe.
 13251 | Orc:1    | Bought the ring of Caela {rC+ MP+9} for 476 gold pieces
 13277 | Orc:2    | Entered Level 2 of the Orcish Mines
 13463 | Lair:1   | Entered Level 1 of the Lair of Beasts
 13892 | Lair:1   | Found the +1 robe of Vines {NoPotionHeal Regen++++}
 13893 | Lair:1   | Noticed a four-headed hydra
 13900 | Lair:1   | Killed a four-headed hydra
 13901 | Lair:1   | Reached skill level 5 in Fire Magic
 13901 | Lair:1   | Reached skill level 5 in Air Magic
 14037 | Lair:1   | Noticed an oklob plant
 14272 | Lair:1   | Killed an oklob plant
 14472 | Lair:1   | Noticed a seven-headed hydra
 14486 | Lair:1   | Killed a seven-headed hydra
 14519 | Lair:1   | Reached skill level 12 in Dodging
 14522 | Lair:1   | Reached **** piety under Vehumet
 14530 | Lair:1   | Reached skill level 10 in Conjurations
 14808 | Lair:1   | Slain by a komodo dragon

Illustrated notes

Levels and vault maps discovered:
D:1:      onia_arrival_zoo_common, layout_rooms, ebering_ecumenical_altar_box,
          minmay_misc_feat_tower
D:2:      layout_basic, serial_shops, nicolae_shop_statue_plus
D:3:      layout_rooms
D:4:      layout_loops_cross, grunt_qazlal_sundering, slow_altar_2,
          nicolae_gozag_cash_rules_everything_around_me, kennysheep_mini_moat,
          makhleb_heckhound_becter, nicolae_vehumet_altar_sigil,
          minmay_temple_entry_tees, gammafunk_ghost_split, uniq_natasha
D:5:      layout_rooms, mainiacjoe_overflow_chevrons
D:6:      layout_loops_ring, kennysheep_little_box, kennysheep_generic_room_3
D:7:      layout_gridville, okawaru_humans
D:8:      layout_basic, nicolae_kikubaaqudgha_miasma_corner,
          lemuel_coloured_pillars_altar, due_lair_maze_entry_diamond
D:9:      layout_grid_maze, uniq_harold, uniq_psyche
D:10:     layout_basic, xom_teletrap_fun, david_orc_3
D:11:     minmay_the_grid_3x2 [minmay_the_grid_armoury, minmay_the_grid_eight,
          minmay_the_grid_diamond_grid, minmay_the_grid_dragon_b,
          minmay_the_grid_zigzag_pyramid, minmay_the_grid_prize_trominoes],
          layout_long_grid
Lair:1:   layout_roguey, hellmonk_guarded_unrand_vines
Orc:1:    layout_diamond_mine, serial_shops, nicolae_shop_back_alley_shop
Orc:2:    st_orc_ogre_mass, layout_diamond_mine, uniq_snorg

Skill      XL: |  1  2  3  4  5  6  7  8  9 10 11 |
---------------+----------------------------------+-----
Conjurations   | 5 6 7 8 9 10 | 10.1
Dodging        | 2 3 5 6 10 11 12 | 12.1
Translocations | 3 |  3.0
Spellcasting   | 3 4 |  4.0
Shields        | 6 7 |  7.0
Air Magic      | 2 5 |  5.0
Fire Magic     | 5 |  5.0
Stealth        | |  1.7

Action                     |  1- 3 |  4- 6 |  7- 9 | 10-12 || total
---------------------------+-------+-------+-------+-------++-------
  Melee: Unarmed           |     1 |    21 |     1 |       ||    23
         Spear             |       |       |    35 |    19 ||    54
         Tailslap          |       |       |     3 |    20 ||    23
         Trident           |       |       |       |   166 ||   166
  Throw: Dart              |       |    11 |    37 |     5 ||    53
   Cast: Magic Dart        |    89 |    94 |   113 |    60 ||   356
         Searing Ray       |     1 |     8 |    19 |     6 ||    34
         Iskenderun's Myst |       |       |     5 |    41 ||    46
         Static Discharge  |       |       |       |    28 ||    28
         Scorch            |       |       |       |     9 ||     9
         Volatile Blastmot |       |       |       |     1 ||     1
Ability: Breathe Fire      |       |       |    25 |    32 ||    57
  Evoke: Wand              |       |       |       |     3 ||     3
    Use: Potion            |       |     2 |     4 |     3 ||     9
         Scroll            |       |       |     8 |     4 ||    12
   Stab: Sleeping          |       |       |       |     2 ||     2
 Armour: Skin              |     5 |    55 |   106 |   223 ||   389
  Dodge: Dodged            |     7 |    31 |    87 |   186 ||   311
  Block: Buckler           |       |       |       |   100 ||   100

Table legend: (Time is in decaauts)
 A = Elapsed time spent in this place.
 B = Non-inter-level travel time spent in this place.
 C = Inter-level travel time spent in this place.
 D = Time resting spent in this place.
 E = Time spent auto-exploring this place.
 F = Levels seen in this place.
 G = Mean time per level.
                   A        B        C        D        E       F      G
               +--------+--------+--------+--------+--------+-----+--------+
         Total |  14897 |  14219 |    678 |   3270 |   8739 |  14 | 1064.1 |
       Dungeon |  12902 |  12341 |    561 |   2934 |   7572 |  11 | 1172.9 |
          Lair |   1238 |   1215 |     23 |    211 |    802 |   1 | 1238.0 |
  Orcish Mines |    755 |    662 |     93 |    125 |    365 |   2 |  377.5 |
               +--------+--------+--------+--------+--------+-----+--------+

Top non-repeatable levels by time:
     D:8: 2129 daAuts
     D:9: 1827 daAuts
     D:4: 1476 daAuts
     D:2: 1476 daAuts
    D:10: 1451 daAuts
  Lair:1: 1238 daAuts
     D:6: 1147 daAuts
     D:1: 978 daAuts
     D:5: 819 daAuts
     D:7: 806 daAuts
     D:3: 788 daAuts
   Orc:1: 744 daAuts
   Orc:2: 11 daAuts
    D:11: 1 daAuts
